 Dungeon Crawl Stone Soup version 0.19.0-19-g8c6edcc (webtiles) character file.

668 MovingMist the Skirmisher (level 7, -5/67 HPs)
             Began as a Deep Dwarf Fighter on Nov 13, 2016.
             Was an Initiate of the Shining One.
             Slain by an ogre
             ... wielding a +0 giant club
              (12 damage)
             ... on level 5 of the Dungeon.
             The game lasted 00:12:20 (3562 turns).

MovingMist the Skirmisher (Deep Dwarf Fighter)      Turns: 3562, Time: 00:12:21

Health: -5/67      AC: 13    Str: 18    XL:     7   Next: 32%
Magic:  6/6        EV:  3    Int:  9    God:    the Shining One [......]
Gold:   371        SH: 10    Dex: 12    Spells: 0 memorised, 6 levels left

rFire  . . .     SeeInvis .     a - +0 war axe
rCold  . . .     Gourm    .     n - +0 plate armour
rNeg   . . .     Faith    .     c - +0 shield
rPois  .         Spirit   .     t - +0 helmet
rElec  .         Reflect  .     (no cloak)
rCorr  +         Harm     .     (no gloves)
MR     +....                    (no boots)
Stlth  ..........               (no amulet)
                                i - -3 ring of strength (curse)
                                m - ring of resist corrosion

@: non-regenerating, glowing
A: damage resistance, recharge devices, sense surroundings 1, slow regeneration
3
a: Device Recharging, Renounce Religion


You were on level 5 of the Dungeon.
You worshipped the Shining One.
The Shining One was noncommittal.
You were not hungry.

You visited 2 branches of the dungeon, and saw 6 of its levels.

You collected 371 gold pieces.

Inventory:

Hand Weapons
 a - a +0 war axe (weapon)
Missiles
 s - 13 tomahawks (quivered)
Armour
 c - a +0 shield (worn)
 n - a +0 plate armour (worn)
 t - a +0 helmet (worn)
Jewellery
 i - a cursed -3 ring of strength (right hand)
 m - a ring of resist corrosion (left hand)
 F - an uncursed amulet of the gourmand {unknown}
Wands
 e - a wand of heal wounds (4/9)
 g - a wand of slowing (13/48)
 B - a wand of lightning (5/15)
Scrolls
 b - a scroll of immolation {unknown}
 h - 5 scrolls of teleportation
 o - a scroll of random uselessness {unknown}
 q - 2 scrolls of enchant weapon {unknown}
 u - a scroll of fog {unknown}
 y - a scroll of noise {unknown}
 C - a scroll of blinking {unknown}
 D - 2 scrolls of identify
 G - a scroll of amnesia {unknown}
Potions
 d - a potion of might
 j - a potion of flight
 k - a potion of cure mutation
 l - a potion of magic
 p - 3 potions of agility
 r - a potion of brilliance
 v - a potion of berserk rage
 w - a potion of curing {unknown}
 z - 2 potions of resistance {unknown}
 E - a potion of ambrosia {unknown}
Books
 x - a book of Changes

   Spells                             Type                      Level
   a - Beastly Appendage              Transmutation                1
   b - Sticks to Snakes               Transmutation                2
   c - Spider Form                    Transmutation/Poison         3
   d - Ice Form                       Ice/Transmutation            4
   e - Blade Hands                    Transmutation                5
Comestibles
 f - 4 bread rations
 A - 2 chunks of flesh


   Skills:
 * Level 5.3 Fighting
 + Level 4.1 Axes
 + Level 5.1 Armour
 + Level 5.2 Shields


You had 6 spell levels left.
You didn't know any spells.

Dungeon Overview and Level Annotations

Branches:
Dungeon (5/15)             Temple (1/1) D:4

Altars:
Ashenzari
Cheibriados
Dithmenos
Elyvilon
Fedhas
Gozag
Hepliaklqana
Kikubaaqudgha
Makhleb
Nemelex Xobeh
Okawaru
Qazlal
Ru
Sif Muna
Trog
Uskayaw
Vehumet
Xom
Yredelemnul
Zin
The Shining One

Shops:
D:5 (


Innate Abilities, Weirdness & Mutations

You are resistant to damage.
You can recharge devices by infusing magical energy.
You passively map a small area around you.
You do not regenerate.


Message History

Found a dagger.
You now have 352 gold pieces (gained 4).
G - a scroll labeled YTIODY EXYIM
D - 2 scrolls of identify (gained 1)
An ogre comes into view. It is wielding a giant club.
You see here 19 gold pieces.
You now have 371 gold pieces (gained 19).
The ogre hits you with a giant club!
You slash the ogre!
The ogre is moderately wounded.
The ogre hits you with a giant club!
* * * LOW HITPOINT WARNING * * *
You hit the ogre.
The ogre is moderately wounded.
The ogre hits you with a giant club!
* * * LOW HITPOINT WARNING * * *
You slash the ogre!
The ogre is severely wounded.
The ogre hits you with a giant club!
You die...

...# #..# * ...# #..#
...# #..# # ...# #..# ,.#
...# ##..### ,.#
..<####.....### ..##
...##.........#####...##
#.........####..#......##
#..)......# ###@O......#
##.......## #####..##.
#.......# #* #.......# *
##.......# .........##
..........# *,
...####...###### , ####
###......# ,


You could see an ogre.

Vanquished Creatures
  Eustachio (D:5)
  An orc warrior (D:5)
  A centaur (D:5)
  The ghost of Leybi the Sneak, an amateur VSAs (D:3)
  A hound (D:4)
  4 orc wizards
  Robin (D:3)
  4 adders
  A worm (D:3)
  3 dart slugs
  A leopard gecko (D:5)
  13 orcs
  8 giant cockroaches
  11 goblins
  18 hobgoblins
  2 quokkas
  A ball python (D:3)
  6 bats
  6 frilled lizards
  6 kobolds
  A quokka skeleton (D:4)
  5 rats
96 creatures vanquished.

Notes
Turn   | Place    | Note
-------+----------+-------------------------------------------
     0 | D:1      | MovingMist the Deep Dwarf Fighter began the quest for the Orb.
     0 | D:1      | Reached XP level 1. HP: 20/20 MP: 1/1
    88 | D:1      | Reached XP level 2. HP: 25/27 MP: 2/2
   663 | D:2      | Reached XP level 3. HP: 31/34 MP: 3/3
   880 | D:2      | Found a sacrificial altar of Ru.
  1164 | D:3      | Noticed Robin
  1252 | D:3      | Reached XP level 4. HP: 21/42 MP: 4/4
  1276 | D:3      | Killed Robin
  1734 | D:3      | Noticed Leybi's ghost (amateur VSAs)
  1747 | D:3      | Killed Leybi's ghost
  1747 | D:3      | Reached XP level 5. HP: 45/50 MP: 5/5
  1782 | D:3      | Found a snail-covered altar of Cheibriados.
  2157 | D:4      | You fall through a shaft!
  2157 | D:5      | Entered Level 5 of the Dungeon
  2270 | D:4      | Reached XP level 6. HP: 25/58 MP: 6/6
  2369 | D:4      | Found a staircase to the Ecumenical Temple.
  2588 | Temple   | Entered the Ecumenical Temple
  2680 | Temple   | Became a worshipper of the Shining One
  2859 | D:5      | Noticed an orc warrior
  2901 | D:5      | Killed an orc warrior
  2967 | D:5      | Found Caavvulol's Weapon Emporium.
  3075 | D:5      | Noticed Eustachio
  3114 | D:5      | Killed Eustachio
  3114 | D:5      | Reached skill level 5 in Fighting
  3114 | D:5      | Reached skill level 5 in Armour
  3114 | D:5      | Reached skill level 5 in Shields
  3114 | D:5      | Reached XP level 7. HP: 26/67 MP: 6/6
  3562 | D:5      | Slain by an ogre

Skill      XL: |  1  2  3  4  5  6 |
---------------+-------------------+-----
Fighting       | 3 4 5 |  5.3
Armour         | 4 5 |  5.1
Shields        | 4 5 |  5.2
Axes           | 3 4 |  4.1

Action                   |  1- 3 |  4- 6 |  7- 9 || total
-------------------------+-------+-------+-------++-------
Melee: War axe           |   146 |   238 |    15 ||   399
 Abil: Device Recharging |       |     1 |       ||     1
Evoke: Wand              |     1 |     4 |     1 ||     6
  Use: Scroll            |       |    10 |       ||    10
  Eat: Chunk             |       |     6 |       ||     6
       Bread ration      |       |     1 |       ||     1
Armor: Scale mail        |    84 |    48 |       ||   132
       Plate armour      |       |   138 |     5 ||   143
Dodge: Dodged            |    49 |    62 |     3 ||   114
Block: Shield            |    84 |   154 |    12 ||   250
